 Dungeon Crawl Stone Soup version 0.21.1-1-g345015f (webtiles) character file.

3056 tidbits the Martial Artist (level 9, -7/68 HPs)
             Began as a Gnoll Transmuter on Feb 14, 2018.
             Mangled by a yak (11 damage)
             ... on level 9 of the Dungeon.
             The game lasted 00:27:35 (2104 turns).

tidbits the Martial Artist (Gnoll Transmuter)       Turns: 2104, Time: 00:27:35

Health: -7/68      AC:  6    Str: 13    XL:     9   Next: 87%
Magic:  4/19       EV: 16    Int: 19    God:
Gold:   254        SH:  0    Dex: 15    Spells: 5/21 levels left

rFire    + . .     SeeInvis .     - Unarmed
rCold    . . .     Gourm    .   (shield currently unavailable)
rNeg     . . .     Faith    .   B - +1 robe {rF+}
rPois    .         Spirit   .   E - +1 helmet
rElec    .         Reflect  .   C - +0 cloak
rCorr    .         Harm     .   (gloves currently unavailable)
MR       .....                  (no boots)
Stlth    ++++......             (no amulet)
HPRegen  0.21/turn              W - ring of wizardry
MPRegen  0.16/turn              i - ring of stealth

@: blade hands
A: distributed training, fangs 1, strong nose
a: End Transformation


You were on level 9 of the Dungeon.
You were not hungry.
You had blades for hands.
You visited 2 branches of the dungeon, and saw 10 of its levels.

You collected 254 gold pieces.

Inventory:

Hand Weapons
 g - a cursed -3 hand axe
 l - a +2 dagger of draining
   (You took it off a goblin on level 4 of the Dungeon)
 m - a +0 hand axe of electrocution
   (You found it on level 3 of the Dungeon)
 p - a +0 hunting sling
 z - a +2 dagger of draining
   (You found it on level 8 of the Dungeon)
 A - a +2 short sword of speed
   (You found it on level 8 of the Dungeon)
 I - a +1 dagger of venom
   (You took it off an orc on level 9 of the Dungeon)
 J - a +2 dagger of venom
   (You took it off an orc wizard on level 9 of the Dungeon)
Missiles
 a - 26 arrows
 n - 117 stones (quivered)
Armour
 b - a +2 robe of positive energy
   (You took it off Pikel on level 5 of the Dungeon)
 t - a +0 ring mail
 v - a cursed -1 robe
 B - a +1 robe of fire resistance (worn)
   (You found it on level 3 of the Dungeon)
 C - a +0 cloak (worn)
 E - a +1 helmet (worn)
 G - a +0 pair of gloves (melded)
Magical Staves
 k - an uncursed staff of air {unknown}
   (You found it on level 4 of the Dungeon)
Jewellery
 h - an uncursed ring of protection from cold
   (You found it on level 5 of the Dungeon)
 i - a ring of stealth (right scythe-like blade)
   (You found it on level 9 of the Dungeon)
 W - a ring of wizardry (left scythe-like blade)
   (You found it on level 1 of the Dungeon)
Wands
 x - a wand of polymorph (8)
 y - a wand of acid (8)
 D - a wand of flame (42)
Scrolls
 f - a scroll of blinking
 j - a scroll of enchant armour
 r - 4 scrolls of remove curse
 u - 3 scrolls of teleportation
 F - a scroll of noise
 H - a scroll of fear
Potions
 e - a potion of curing
 o - a potion of flight
 q - 2 potions of resistance
 s - a potion of heal wounds
 w - a potion of lignification
Books
 d - a book of Changes

   Spells                             Type                      Level
   a - Beastly Appendage              Transmutation                1
   b - Sticks to Snakes               Transmutation                2
   c - Spider Form                    Transmutation/Poison         3
   d - Ice Form                       Ice/Transmutation            4
   e - Blade Hands                    Transmutation                5
Comestibles
 c - 14 rations


   Skills:
 + Level 5.3 Fighting
 + Level 4.5 Short Blades
 + Level 4.5 Long Blades
 + Level 4.5 Axes
 + Level 4.5 Maces & Flails
 + Level 4.5 Polearms
 + Level 4.5 Staves
 + Level 4.5 Slings
 + Level 4.5 Bows
 + Level 4.5 Crossbows
 + Level 4.5 Throwing
 + Level 4.5 Armour
 + Level 6.5 Dodging
 + Level 4.5 Stealth
 + Level 4.5 Shields
 + Level 8.1 Unarmed Combat
 + Level 6.8 Spellcasting
 + Level 3.8 Conjurations
 + Level 3.8 Hexes
 + Level 3.8 Charms
 + Level 3.8 Summonings
 + Level 3.8 Necromancy
 + Level 3.8 Translocations
 + Level 5.4 Transmutations
 + Level 3.8 Fire Magic
 + Level 3.8 Ice Magic
 + Level 3.8 Air Magic
 + Level 3.8 Earth Magic
 + Level 3.8 Poison Magic
 + Level 5.0 Invocations
 + Level 4.5 Evocations


You had 5 spell levels left.
You knew the following spells:

 Your Spells              Type           Power        Failure   Level  Hunger
c - Confuse               Hex            ###.....     16%         3    #......
e - Beastly Appendage     Tmut           ####..       6%          1    None
h - Blade Hands           Tmut           ####......   38%         5    #####..
k - Sticks to Snakes      Tmut           ####....     8%          2    None
n - Animate Skeleton      Necr           N/A          9%          1    None
p - Spider Form           Tmut/Pois      ###.......   13%         3    #......
A - Apportation           Tloc           ###...       9%          1    None


Dungeon Overview and Level Annotations

Branches:
Dungeon (9/15)             Temple (1/1) D:7
   Lair: D:8-11         Orc: D:9-12

Altars:
Dithmenos
Elyvilon
Fedhas
Gozag
Hepliaklqana
Kikubaaqudgha
Makhleb
Nemelex Xobeh
Qazlal
Ru
Sif Muna
Trog
Uskayaw
Vehumet
Wu Jian
Xom
Yredelemnul
The Shining One
Jiyva


Innate Abilities, Weirdness & Mutations

Your experience applies equally to all skills.
You have very sharp teeth.
Your uncanny sense of smell can sniff out nearby items.


Message History

Unknown command.
Your transformation has ended.
Your +0 cloak unmelds from your body.
Your +1 helmet unmelds from your body.
Your +0 pair of gloves unmelds from your body.
Your +1 robe of fire resistance unmelds from your body.
You feel resistant to fire.
Found a scythe.
Your ball python withers and dies!
An adder comes into view.
A yak comes into view.
Unknown command.
A yak comes into view.
The yak bellows! x2
Found 7 gold pieces.
Casting: Apportation
Confirm with . or Enter, or press ? or * to list all spells.
You create a snake!
You now have 29 arrows.
A yak comes into view.
Casting: Sticks to Snakes
Confirm with . or Enter, or press ? or * to list all spells.
You create a snake!
You now have 28 arrows.
Casting: Sticks to Snakes
Confirm with . or Enter, or press ? or * to list all spells.
You create a snake!
You now have 27 arrows.
Your ball python barely misses the yak.
A yak comes into view.
Casting: Sticks to Snakes
Confirm with . or Enter, or press ? or * to list all spells.
You create a snake!
You now have 26 arrows.
Your ball python bites the yak.
Unknown command.
Casting: Sticks to Snakes
Confirm with . or Enter, or press ? or * to list all spells.
Your hands turn into razor-sharp scythe blades.
Your +0 pair of gloves melds into your body.
The yak gores your ball python!
Your ball python dies!
Your ball python bites the yak but does no damage.
The yak gores your ball python!
Your ball python dies!
Your ball python bites the yak but does no damage. x3
You hit the yak but do no damage.
The yak is lightly wounded.
The yak completely misses you.
Your ball python bites the yak but does no damage.
The yak closely misses your ball python.
Your ball python bites the yak but does no damage.
You hit the yak.
The yak is lightly wounded.
The yak misses you. The yak gores you.
Your ball python misses the yak.
Your ball python barely misses the yak.
The yak gores your ball python.
You slash the yak!
The yak is moderately wounded.
Your ball python barely misses the yak.
The yak gores you.
Your ball python bites the yak but does no damage.
The yak gores your ball python!
Your ball python dies!
You barely miss the yak.
The yak is moderately wounded.
The yak misses you. The yak gores you.
* * * LOW HITPOINT WARNING * * *
Your ball python barely misses the yak.
You slice the yak!!
The yak is almost dead.
The yak completely misses you. The yak gores you!
* * * LOW HITPOINT WARNING * * *
Your ball python bites the yak.
You slash the yak!
The yak is moderately wounded.
The yak completely misses you.
Your ball python bites the yak but does no damage.
The yak misses you.
You slice the yak!!
You kill the yak!
Your Unarmed Combat skill increases to level 8!
The yak barely misses you. x2
Your ball python bites the yak but does no damage.
The yak gores you.
* * * LOW HITPOINT WARNING * * *
You hit the yak. You bite the yak, but do no damage.
The yak is heavily wounded.
The yak gores you but does no damage.
Your ball python barely misses the yak.
The yak barely misses you.
You slice the yak!!
You kill the yak!
Your Invocations skill increases to level 5!
The yak gores you!
* * * LOW HITPOINT WARNING * * *
The yak closely misses you.
You slash the yak!
The yak is moderately wounded.
The yak closely misses you.
Your ball python bites the yak.
You slash the yak! x2
The yak is almost dead.
The yak gores you but does no damage.
Your ball python completely misses the yak.
The yak barely misses you.
You slice the yak!!
You kill the yak!
The yak gores you!
You die...

.............#######............#
...#.........#####..........
.###.........###...........
####.........#............
####....................#
##....................##
#....................##
....................##
..).......@.......##
........YS......##
..............## ............##
...........## ..........##
.........## ......$.##


You could see a yak and a friendly ball python.

Vanquished Creatures
  Grinder (D:4)
  3 hogs (D:7)
  3 yaks (D:9)
  A human (D:7)
  A water moccasin (D:5)
  2 orc warriors (D:9)
  A sky beast (D:8)
  A slave (D:5)
  An ogre (D:8)
  A necrophage (D:8)
  A big kobold (D:9)
  Blork the orc (D:5)
  2 bullfrogs
  2 scorpions
  3 orc wizards
  A hound (D:9)
  Terence (D:2)
  Crazy Yiuf (D:5)
  2 iguanas
  Natasha (D:3)
  A mummy (D:6)
  Robin (D:4)
  2 adders (D:3)
  An adder skeleton (D:6)
  A worm (D:3)
  2 dart slugs
  3 leopard geckos
  10 orcs
  3 bats
  4 giant cockroaches
  12 goblins
  3 hobgoblins
  7 jackals
  3 frilled lizards
  6 kobolds
  3 kobold zombies (D:6)
  A leopard gecko zombie (D:6)
  An orc zombie (D:6)
  3 rats
97 creatures vanquished.

Vanquished Creatures (collateral kills)
  Pikel (D:5)
  A hog (D:7)
  A sky beast (D:5)
  A water moccasin skeleton (D:7)
  An orc wizard (D:9)
  2 kobolds (D:9)
7 creatures vanquished.

Vanquished Creatures (others)
  A big kobold (D:8)
  An orc (D:5)
  4 kobolds (D:8)
6 creatures vanquished.

Grand Total: 110 creatures vanquished

Notes
Turn   | Place    | Note
-------+----------+-------------------------------------------
     0 | D:1      | tidbits the Gnoll Transmuter began the quest for the Orb.
     0 | D:1      | Reached XP level 1. HP: 17/17 MP: 6/6
   109 | D:2      | Reached XP level 2. HP: 20/23 MP: 5/7
   113 | D:2      | Learned a level 2 spell: Sticks to Snakes
   180 | D:2      | Noticed Terence
   195 | D:2      | Killed Terence
   195 | D:2      | Reached skill level 5 in Spellcasting
   195 | D:2      | Reached skill level 1 in Invocations
   195 | D:2      | Reached XP level 3. HP: 28/28 MP: 1/9
   324 | D:2      | Learned a level 3 spell: Spider Form
   375 | D:3      | Noticed Natasha
   383 | D:3      | Killed Natasha
   383 | D:3      | Reached skill level 1 in Short Blades
   383 | D:3      | Reached skill level 1 in Long Blades
   383 | D:3      | Reached skill level 1 in Axes
   383 | D:3      | Reached skill level 1 in Maces & Flails
   383 | D:3      | Reached skill level 1 in Polearms
   383 | D:3      | Reached skill level 1 in Staves
   383 | D:3      | Reached skill level 1 in Slings
   383 | D:3      | Reached skill level 1 in Bows
   383 | D:3      | Reached skill level 1 in Crossbows
   383 | D:3      | Reached skill level 1 in Throwing
   383 | D:3      | Reached skill level 1 in Armour
   383 | D:3      | Reached skill level 1 in Stealth
   383 | D:3      | Reached skill level 1 in Shields
   383 | D:3      | Reached skill level 1 in Evocations
   383 | D:3      | Reached XP level 4. HP: 21/34 MP: 4/11
   470 | D:3      | Found an ancient bone altar of Kikubaaqudgha.
   564 | D:3      | Reached skill level 1 in Conjurations
   564 | D:3      | Reached skill level 1 in Hexes
   564 | D:3      | Reached skill level 1 in Charms
   564 | D:3      | Reached skill level 1 in Summonings
   564 | D:3      | Reached skill level 1 in Necromancy
   564 | D:3      | Reached skill level 1 in Translocations
   564 | D:3      | Reached skill level 1 in Fire Magic
   564 | D:3      | Reached skill level 1 in Ice Magic
   564 | D:3      | Reached skill level 1 in Air Magic
   564 | D:3      | Reached skill level 1 in Earth Magic
   564 | D:3      | Reached skill level 1 in Poison Magic
   592 | D:4      | Found a sacrificial altar of Ru.
   592 | D:4      | Found a blossoming altar of Fedhas.
   593 | D:4      | Found an opulent altar of Gozag.
   593 | D:4      | Found a bloodstained altar of Trog.
   594 | D:4      | Found a deep blue altar of Sif Muna.
   594 | D:4      | Found a burning altar of Makhleb.
   638 | D:4      | Noticed Grinder
   655 | D:4      | Paralysed by Grinder for 5 turns
   661 | D:4      | Killed Grinder
   661 | D:4      | Reached skill level 3 in Fighting
   661 | D:4      | Reached skill level 4 in Transmutations
   661 | D:4      | Reached skill level 2 in Invocations
   661 | D:4      | Reached XP level 5. HP: 30/41 MP: 6/12
   661 | D:4      | Reached XP level 6. HP: 35/47 MP: 7/14
   682 | D:4      | Noticed Robin
   684 | D:4      | Killed Robin
   775 | D:5      | Entered Level 5 of the Dungeon
   785 | D:5      | Reached skill level 2 in Short Blades
   785 | D:5      | Reached skill level 2 in Long Blades
   785 | D:5      | Reached skill level 2 in Axes
   785 | D:5      | Reached skill level 2 in Maces & Flails
   785 | D:5      | Reached skill level 2 in Polearms
   785 | D:5      | Reached skill level 2 in Staves
   785 | D:5      | Reached skill level 2 in Slings
   785 | D:5      | Reached skill level 2 in Bows
   785 | D:5      | Reached skill level 2 in Crossbows
   785 | D:5      | Reached skill level 2 in Throwing
   785 | D:5      | Reached skill level 2 in Armour
   785 | D:5      | Reached skill level 5 in Dodging
   785 | D:5      | Reached skill level 2 in Stealth
   785 | D:5      | Reached skill level 2 in Shields
   785 | D:5      | Reached skill level 2 in Evocations
   874 | D:5      | Noticed a sky beast
  1016 | D:5      | Found a runed door.
  1022 | D:5      | Noticed Crazy Yiuf
  1028 | D:5      | Killed Crazy Yiuf
  1056 | D:5      | Noticed a slave
  1060 | D:5      | Noticed a slave
  1060 | D:5      | Noticed a slave
  1067 | D:5      | Noticed a slave
  1069 | D:5      | Noticed Pikel
  1074 | D:5      | Killed a slave
  1091 | D:5      | Killed Pikel
  1091 | D:5      | Reached skill level 7 in Unarmed Combat
  1091 | D:5      | Reached skill level 2 in Conjurations
  1091 | D:5      | Reached skill level 2 in Hexes
  1091 | D:5      | Reached skill level 2 in Charms
  1091 | D:5      | Reached skill level 2 in Summonings
  1091 | D:5      | Reached skill level 2 in Necromancy
  1091 | D:5      | Reached skill level 2 in Translocations
  1091 | D:5      | Reached skill level 2 in Fire Magic
  1091 | D:5      | Reached skill level 2 in Ice Magic
  1091 | D:5      | Reached skill level 2 in Air Magic
  1091 | D:5      | Reached skill level 2 in Earth Magic
  1091 | D:5      | Reached skill level 2 in Poison Magic
  1091 | D:5      | Reached skill level 3 in Invocations
  1091 | D:5      | Reached XP level 7. HP: 48/53 MP: 10/15
  1126 | D:5      | Reached XP level 8. HP: 56/60 MP: 7/16
  1133 | D:5      | Reached skill level 4 in Fighting
  1148 | D:5      | Found a sparkling altar of Nemelex Xobeh.
  1152 | D:5      | Noticed Blork the orc
  1163 | D:5      | Killed Blork the orc
  1163 | D:5      | Reached skill level 3 in Short Blades
  1163 | D:5      | Reached skill level 3 in Long Blades
  1163 | D:5      | Reached skill level 3 in Axes
  1163 | D:5      | Reached skill level 3 in Maces & Flails
  1163 | D:5      | Reached skill level 3 in Polearms
  1163 | D:5      | Reached skill level 3 in Staves
  1163 | D:5      | Reached skill level 3 in Slings
  1163 | D:5      | Reached skill level 3 in Bows
  1163 | D:5      | Reached skill level 3 in Crossbows
  1163 | D:5      | Reached skill level 3 in Throwing
  1163 | D:5      | Reached skill level 3 in Armour
  1163 | D:5      | Reached skill level 3 in Stealth
  1163 | D:5      | Reached skill level 3 in Shields
  1163 | D:5      | Reached skill level 3 in Evocations
  1336 | D:6      | Reached skill level 6 in Spellcasting
  1434 | D:7      | Learned a level 5 spell: Blade Hands
  1461 | D:7      | Reached skill level 3 in Conjurations
  1461 | D:7      | Reached skill level 3 in Hexes
  1461 | D:7      | Reached skill level 3 in Charms
  1461 | D:7      | Reached skill level 3 in Summonings
  1461 | D:7      | Reached skill level 3 in Necromancy
  1461 | D:7      | Reached skill level 3 in Translocations
  1461 | D:7      | Reached skill level 3 in Fire Magic
  1461 | D:7      | Reached skill level 3 in Ice Magic
  1461 | D:7      | Reached skill level 3 in Air Magic
  1461 | D:7      | Reached skill level 3 in Earth Magic
  1461 | D:7      | Reached skill level 3 in Poison Magic
  1461 | D:7      | Reached skill level 4 in Invocations
  1461 | D:7      | Reached XP level 9. HP: 66/66 MP: 10/18
  1465 | D:7      | Reached skill level 6 in Dodging
  1465 | D:7      | Reached skill level 5 in Transmutations
  1513 | D:7      | Found a staircase to the Ecumenical Temple.
  1519 | Temple   | Entered the Ecumenical Temple
  1602 | D:7      | Learned a level 1 spell: Animate Skeleton
  1604 | D:7      | Learned a level 1 spell: Apportation
  1645 | D:7      | Found a glowing golden altar of the Shining One.
  1701 | D:8      | Learned a level 3 spell: Confuse
  1753 | D:8      | Reached skill level 4 in Short Blades
  1753 | D:8      | Reached skill level 4 in Long Blades
  1753 | D:8      | Reached skill level 4 in Axes
  1753 | D:8      | Reached skill level 4 in Maces & Flails
  1753 | D:8      | Reached skill level 4 in Polearms
  1753 | D:8      | Reached skill level 4 in Staves
  1753 | D:8      | Reached skill level 4 in Slings
  1753 | D:8      | Reached skill level 4 in Bows
  1753 | D:8      | Reached skill level 4 in Crossbows
  1753 | D:8      | Reached skill level 4 in Throwing
  1753 | D:8      | Reached skill level 4 in Armour
  1753 | D:8      | Reached skill level 4 in Stealth
  1753 | D:8      | Reached skill level 4 in Shields
  1753 | D:8      | Reached skill level 4 in Evocations
  1934 | D:8      | Found a white marble altar of Elyvilon.
  2003 | D:9      | Reached skill level 5 in Fighting
  2099 | D:9      | Reached skill level 8 in Unarmed Combat
  2101 | D:9      | Reached skill level 5 in Invocations
  2101 | D:9      | HP: 4/68 [yak (14)]
  2104 | D:9      | Mangled by a yak

Skill      XL: |  1  2  3  4  5  6  7  8  9 |
---------------+----------------------------+-----
Spellcasting   | 5 6 |  6.8
Invocations    | 1 2 3 4 5 |  5.0
Short Blades   | 1 2 3 4 |  4.5
Long Blades    | 1 2 3 4 |  4.5
Axes           | 1 2 3 4 |  4.5
Maces & Flails | 1 2 3 4 |  4.5
Polearms       | 1 2 3 4 |  4.5
Staves         | 1 2 3 4 |  4.5
Slings         | 1 2 3 4 |  4.5
Bows           | 1 2 3 4 |  4.5
Crossbows      | 1 2 3 4 |  4.5
Throwing       | 1 2 3 4 |  4.5
Armour         | 1 2 3 4 |  4.5
Stealth        | 1 2 3 4 |  4.5
Shields        | 1 2 3 4 |  4.5
Evocations     | 1 2 3 4 |  4.5
Conjurations   | 1 2 3 |  3.8
Hexes          | 1 2 3 |  3.8
Charms         | 1 2 3 |  3.8
Summonings     | 1 2 3 |  3.8
Necromancy     | 1 2 3 |  3.8
Translocations | 1 2 3 |  3.8
Fire Magic     | 1 2 3 |  3.8
Ice Magic      | 1 2 3 |  3.8
Air Magic      | 1 2 3 |  3.8
Earth Magic    | 1 2 3 |  3.8
Poison Magic   | 1 2 3 |  3.8
Fighting       | 3 4 5 |  5.3
Transmutations | 4 5 |  5.4
Dodging        | 5 6 |  6.5
Unarmed Combat | 7 8 |  8.1

Action                   |  1- 3 |  4- 6 |  7- 9 || total
-------------------------+-------+-------+-------++-------
Melee: Unarmed           |    42 |    68 |   152 ||   262
       Bite              |     4 |       |     2 ||     6
       Headbutt          |     3 |       |       ||     3
       Kick              |     2 |       |       ||     2
       Punch             |       |       |     4 ||     4
 Cast: Beastly Appendage |     9 |       |       ||     9
       Sticks to Snakes  |     3 |     6 |    20 ||    29
       Spider Form       |     2 |    14 |     9 ||    25
       Apportation       |       |       |    15 ||    15
       Blade Hands       |       |       |     5 ||     5
 Abil: End Transformatio |       |       |     1 ||     1
  Use: Scroll            |     3 |     7 |     6 ||    16
       Potion            |     1 |     3 |     3 ||     7
 Stab: Distracted        |       |     1 |     1 ||     2
       Sleeping          |       |     1 |     1 ||     2
  Eat: Ration            |       |     1 |     1 ||     2
       Chunk             |       |       |     2 ||     2
Armor: Robe              |     3 |     1 |    10 ||    14
       Skin              |       |     1 |    47 ||    48
Dodge: Dodged            |    25 |    45 |    99 ||   169

Table legend:
 A = Turns spent in this place as a percentage of turns spent in the entire game.
 B = Non-inter-level travel turns spent in this place as a percentage of non-inter-level travel turns spent in the entire game.
 C = Inter-level travel turns spent in this place as a percentage of turns spent in this place.
 D = Turns resting spent in this place as a percentage of non-inter-level travel turns spent in this place.
 E = Turns spent auto-exploring this place as a percentage of non-inter-level travel turns spent in this place.
 F = Non-inter-level travel turns spent in this place divided by the number of levels of this place that you've seen.
                   A       B       C       D       E      F
               +-------+-------+-------+-------+-------+----------------------
         Total | 100.0 | 100.0 |   0.7 |   0.0 |   0.0 | 208.9
       Dungeon |  97.4 |  97.4 |   0.7 |   0.0 |   0.0 | 226.1
        Temple |   2.6 |   2.6 |   0.0 |   0.0 |   0.0 |  54.0
               +-------+-------+-------+-------+-------+----------------------

Table legend:
 A = Kills in this place as a percentage of kills in entire the game.
 B = Kills by you in this place as a percentage of kills by you in the entire game.
 C = Kills by friends in this place as a percentage of kills by friends in the entire game.
 D = Other kills in this place as a percentage of other kills in the entire game.
 E = Experience gained in this place as a percentage of experience gained in the entire game.
 F = Experience gained in this place divided by the number of levels of this place that you have seen.
                   A       B       C       D       E      F
               +-------+-------+-------+-------+-------+----------------------
         Total | 100.0 | 100.0 | 100.0 |   N/A | 100.0 | 436.6
       Dungeon | 100.0 | 100.0 | 100.0 |   N/A | 100.0 | 485.1
               +-------+-------+-------+-------+-------+----------------------

Vault maps used:
D:1:      sevenhm_arrival_forest_fort_large_2
D:2:      lemuel_doored_altar, uniq_terence
D:3:      kiku_gazebo_pond_becter, nicolae_overflow_hidden_temple,
          minmay_rat_hole, uniq_natasha
D:4:      grunt_temple_overflow_open, serial_shops, nicolae_shop_statue_plus,
          uniq_grinder, uniq_sigmund, uniq_robin
D:5:      first_ration, nemelex_xobeh_ov_fountains_minmay, uniq_duvessa,
          uniq_blork_the_orc, uniq_pikel, uniq_crazy_yiuf_cottage, uniq_ijyb
D:6:      kennysheep_mini_moat, minmay_mini_ossuary
D:7:      tso_metal_star, minmay_temple_entry_hall, grunt_livestock,
          hangedman_decor_riveting
D:8:      elyvilon_altar_5, lemuel_flamethrower_2
D:9:      nicolae_ashenzari_panopticon
Temple:   pf_slimified_temple
